 Dungeon Crawl Stone Soup version 0.23.2-40-g277498a001 (webtiles) character file.

Game seed: 14497546815051623248

8528 Exodus22XD the Basher (level 11, -14/72 HPs)
             Began as a Gargoyle Fighter on Sept 5, 2019.
             Was a Plaything of Xom.
             Demolished by a polar bear (shapeshifter) (20 damage)
             ... on level 9 of the Dungeon.
             The game lasted 00:34:45 (9137 turns).

Exodus22XD the Basher (Gargoyle Fighter)            Turns: 9137, Time: 00:34:46

Health: -14/72     AC: 24    Str: 26    XL:     11   Next: 32%
Magic:  11/11      EV:  6    Int:  9    God:    Xom [...*..]
Gold:   438        SH: 11    Dex:  9    Spells: 10/10 levels left

rFire    . . .     SeeInvis .   J - +11 flail of Conformity {chaos, Fragile Str+3 Int+2}
rCold    . . .     Gourm    .   c - +0 shield
rNeg     + . .     Faith    .   u - +0 plate armour
rPois    ∞         Spirit   .   x - +0 helmet
rElec    +         Reflect  .   E - scarf {repulsion}
rCorr    .         Harm     .   m - +0 pair of gloves
MR       .....                  (no boots)
Stlth    ..........             n - amulet of rage
HPRegen  0.22/turn              F - +4 ring of slaying
MPRegen  0.12/turn              H - +3 ring of slaying (curse)

@: about to teleport, repel missiles
A: dopey 1, negative energy resistance 1, electricity resistance, unbreathing,
petrification resistance, rot immunity, AC +8
a: Renounce Religion, Evoke Berserk Rage


You were on level 9 of the Dungeon.
You worshipped Xom.
You were a favourite toy of Xom.
You were not hungry.

You visited 2 branches of the dungeon, and saw 11 of its levels.

You collected 438 gold pieces.

Inventory:

Hand Weapons
 r - a +0 broad axe
 I - the +5 scythe "Finisher" {speed, eviscerate}
   (You found it on level 7 of the Dungeon)

   Attacks with this weapon are significantly faster.
 J - the +11 flail of Conformity (weapon) {chaos, Fragile Str+3 Int+2}
   (You found it on level 8 of the Dungeon)

   Each time it hits an enemy it has a different, random effect.
   It affects your strength (+3).
   It affects your intelligence (+2).
   It will be destroyed if unequipped.
Armour
 c - a +0 shield (worn)
 m - a +0 pair of gloves (worn)
 u - a +0 plate armour (worn)
 x - a +0 helmet (worn)
 E - a scarf of repulsion (worn)
Jewellery
 h - an uncursed ring of flight
 n - an amulet of rage (around neck)
 C - an uncursed ring of positive energy
 D - an uncursed ring of magical power
 F - a +4 ring of slaying (left hand)
 H - a cursed +3 ring of slaying (right hand)
 M - a cursed ring of teleportation {unknown}
Wands
 b - a wand of clouds (3)
 q - a wand of acid (10)
 A - a wand of paralysis (9)
 L - a wand of iceblast (15)
 N - a wand of enslavement (9)
Scrolls
 a - 2 scrolls of remove curse
 g - 3 scrolls of immolation
 k - 3 scrolls of magic mapping
 o - 2 scrolls of amnesia
 s - a scroll of fear {unknown}
 t - a scroll of identify
 v - 4 scrolls of enchant weapon {unknown}
 y - 6 scrolls of teleportation
 B - 2 scrolls of enchant armour {unknown}
Potions
 d - 3 potions of might
 e - 2 potions of brilliance
 i - a potion of flight
 j - 4 potions of haste
 l - 2 potions of cancellation {unknown}
 p - 2 potions of heal wounds {unknown}
 w - a potion of lignification {unknown}
 z - 4 potions of curing
 G - a potion of berserk rage {unknown}
Comestibles
 f - 18 rations


   Skills:
 * Level 9.7 Fighting
 - Level 0.8(6.8) Axes
 * Level 11.6 Maces & Flails
 + Level 7.8 Armour
 - Level 1.0 Dodging
 + Level 8.5 Shields


You had 10 spell levels left.
You didn't know any spells.
Your spell library contained the following spells:

 Spells                   Type           Power        Failure   Level  Hunger
 Corona                   Hex            #......      100%        1    ##.....
 Summon Small Mammal      Summ           #...         100%        1    ##.....
 Call Imp                 Summ           #.......     100%        2    ###....
 Ensorcelled Hibernation  Hex/Ice        #.....       100%        2    ###....
 Call Canine Familiar     Summ           #.......     100%        3    ####...
 Confuse                  Hex            #.......     100%        3    ####...
 Dazzling Spray           Conj/Hex       #.....       100%        3    ####...
 Summon Guardian Golem    Hex/Summ       #.......     100%        3    ####...
 Tukima's Dance           Hex            #.......     100%        3    ####...
 Summon Ice Beast         Ice/Summ       #.......     100%        4    #####..
 Summon Lightning Spire   Summ/Air       #.......     100%        4    #####..


Dungeon Overview and Level Annotations

Branches:
Dungeon (10/15)            Temple (1/1) D:7
   Lair: D:8-11         Orc: D:9-12

Altars:
Elyvilon
Gozag
Kikubaaqudgha
Okawaru
Ru
Sif Muna
Uskayaw
Vehumet
Wu Jian
Xom
Yredelemnul

Annotations:
D:2 Sigmund
D:4 Ijyb
D:10 Snorg


Innate Abilities, Weirdness & Mutations

You are resistant to torment.
Your stone body is resilient. (AC +8)
You are immune to poison.
You resist negative energy. (rN+)
You are resistant to electric shocks. (rElec)
You can survive without breathing.
You are immune to petrification.
You are immune to rotting.
You are dopey. (Int -2)


Message History

Something claws you but does no damage. x2; Something bites you!
You block something's attack. Something claws you but does no damage.
You start resting.
Something bites you!
* * * LOW HITPOINT WARNING * * *
Something claws you but does no damage. Something claws you.
* * * LOW HITPOINT WARNING * * *
Something bites you but does no damage.
Something claws you but does no damage. x2
Something bites you but does no damage.
Something claws you but does no damage. x2
Something bites you but does no damage.
Something claws you but does no damage. x2
You hear an angry growl.
Something bites you but does no damage. Something claws you but does no damage.
You block something's attack. Something bites you!
* * * LOW HITPOINT WARNING * * *
Something claws you but does no damage. Something claws you.
* * * LOW HITPOINT WARNING * * *
As you read the scroll of teleportation, it crumbles to dust.
You feel strangely unstable. Something bites you!!
You die...
Xom giggles madly!

#..# #.# #####'### ##.## #.#
##..# #..# ######.#### ##..##
#.#######.........# #..##
.....##.........>.# #####.####
.....##.#.........# #........#
........#.........####.......)# #
.....####.........##........(.###
.....# #.......@.##.#...........
.....# #............#........###
.....# #.........####........#
.....# #.........# #........#
.....# #.........# #.)......#
##.### ########.## #####.####
...# #....# #.# #### ###'#####
#.# ...# #.......# #.#


There were no monsters in sight!

Vanquished Creatures
  Harold (D:7)
  A hydra (D:8)
  2 two-headed ogres
  Pikel (D:7)
  Grinder (D:4)
  2 dream sheep (D:8)
  4 wraiths (D:7)
  2 yaks (D:8)
  3 hungry ghosts
  Menkaure (D:6)
  A water moccasin (D:7)
  Duvessa (D:7)
  A hornet zombie (D:9)
  2 orc warriors
  An ice beast (D:8)
  A sky beast (D:9)
  5 ogres
  3 phantoms
  2 centaurs
  4 big kobolds
  4 bullfrogs
  Dowan (D:7)
  3 scorpions
  5 killer bees (D:8)
  A howler monkey (D:8)
  4 crimson imps
  A quasit (D:7)
  A bullfrog zombie (D:9)
  A jelly (D:6)
  An orc priest (D:5)
  6 orc wizards
  Jessica (D:3)
  Terence (D:2)
  3 iguanas
  Natasha (thrice) (D:2)
  10 worker ants
  A hound zombie (D:8)
  2 hound skeletons
  A howler monkey zombie (D:5)
  2 worker ant zombies (D:8)
  6 adders
  A howler monkey skeleton (D:8)
  2 shadow imps (D:8)
  An adder zombie (D:7)
  2 adder skeletons (D:8)
  2 worms (D:2)
  2 dart slugs
  14 orcs
  6 bats
  8 giant cockroaches
  7 goblins
  9 hobgoblins
  15 jackals
  2 quokkas
  2 frilled lizards
  13 kobolds
  A leopard gecko skeleton (D:7)
  12 rats
196 creatures vanquished.

Vanquished Creatures (others)
  A slave (D:7)
  A quasit (D:7)
  A jackal skeleton (D:7)
3 creatures vanquished.

Grand Total: 199 creatures vanquished

Notes
Turn   | Place    | Note
-------+----------+-------------------------------------------
     0 | D:1      | Exodus22XD the Gargoyle Fighter began the quest for the
                  | Orb.
     0 | D:1      | Reached XP level 1. HP: 14/14 MP: 1/1
   352 | D:1      | Reached XP level 2. HP: 19/19 MP: 2/2
   908 | D:2      | Noticed Sigmund
  1125 | D:2      | Reached XP level 3. HP: 21/24 MP: 3/3
  1170 | D:2      | Noticed Natasha
  1309 | D:3      | Noticed a centaur
  1323 | D:3      | Killed a centaur
  1323 | D:3      | Reached skill level 3 in Maces & Flails
  1323 | D:3      | Reached XP level 4. HP: 17/29 MP: 4/4
  1323 | D:3      | Reached XP level 5. HP: 20/33 MP: 5/5
  1436 | D:3      | Noticed Jessica
  1442 | D:3      | Killed Jessica
  1629 | D:2      | Reached skill level 1 in Dodging
  1664 | D:2      | Reached skill level 4 in Maces & Flails
  1700 | D:2      | Noticed Terence
  2168 | D:2      | Killed Natasha
  2340 | D:2      | Killed Terence
  2340 | D:2      | Reached XP level 6. HP: 18/38 MP: 6/6
  2769 | D:2      | Noticed Natasha
  2780 | D:2      | Killed Natasha
  2784 | D:2      | Noticed Natasha
  2798 | D:2      | Killed Natasha
  3434 | D:4      | Noticed Ijyb
  3434 | D:4      | HP: 1/38 [ogre/+0 giant club (13)]
  3450 | D:4      | Noticed Grinder
  3837 | D:4      | Noticed a phantom
  3885 | D:4      | Killed a phantom
  3885 | D:4      | Reached skill level 5 in Maces & Flails
  3885 | D:4      | Reached XP level 7. HP: 35/43 MP: 7/7
  4045 | D:4      | Reached skill level 5 in Shields
  4150 | D:4      | Paralysed by Grinder for 4 turns
  4167 | D:4      | Paralysed by Grinder for 5 turns
  4210 | D:4      | Paralysed by Grinder for 7 turns
  4233 | D:5      | Entered Level 5 of the Dungeon
  4426 | D:5      | Found a sacrificial altar of Ru.
  5146 | D:6      | Found an opulent altar of Gozag.
  5160 | D:6      | Found a radiant altar of Vehumet.
  5176 | D:6      | Reached skill level 5 in Fighting
  5176 | D:6      | Reached skill level 6 in Maces & Flails
  5176 | D:6      | Reached skill level 5 in Armour
  5176 | D:6      | Reached XP level 8. HP: 48/49 MP: 8/8
  5307 | D:4      | Paralysed by Grinder for 2 turns
  5335 | D:4      | Killed Grinder
  5569 | D:6      | Reached skill level 7 in Maces & Flails
  5581 | D:6      | HP: 1/51 [orc warrior/+0 scimitar (9)]
  5722 | D:6      | Noticed Menkaure
  6421 | D:6      | Killed Menkaure
  6421 | D:6      | Reached XP level 9. HP: 56/56 MP: 9/9
  6635 | D:7      | Found a staircase to the Ecumenical Temple.
  6649 | Temple   | Entered the Ecumenical Temple
  6663 | Temple   | Became a worshipper of Xom of Chaos
  6678 | D:7      | Noticed Harold
  6686 | D:7      | XOM: potion effect (haste)
  6696 | D:7      | XOM: potion effect (agility)
  6708 | D:7      | XOM: potion effect (might)
  6709 | D:7      | Killed Harold
  6709 | D:7      | Reached skill level 8 in Maces & Flails
  6750 | D:7      | XOM: harmless Pois miscast
  6805 | D:7      | Found the +5 scythe "Finisher" {speed, eviscerate}
  6824 | D:7      | Reached skill level 9 in Maces & Flails
  6875 | D:7      | XOM: silly message
  6952 | D:7      | XOM: potion effect (agility)
  6954 | D:7      | XOM: potion effect (curing)
  6966 | D:7      | Found an ornate altar of the Wu Jian Council.
  7022 | D:7      | Noticed Duvessa
  7023 | D:7      | Noticed Dowan
  7033 | D:7      | Killed Duvessa
  7033 | D:7      | Reached XP level 10. HP: 63/64 MP: 10/10
  7044 | D:7      | Killed Dowan
  7085 | D:7      | Noticed Pikel
  7099 | D:7      | XOM: blink monster(s)
  7101 | D:7      | XOM: medium Fire miscast
  7106 | D:7      | Killed Pikel
  7301 | D:7      | Found a hide-covered altar of Uskayaw.
  7302 | D:7      | Noticed a +0 dagger
  7302 | D:7      | Noticed a +0 hand axe
  7382 | D:7      | XOM: give mutation
  7382 | D:7      | Gained mutation: You are weak. (Str -2) [Xom's mischief]
  7394 | D:7      | Got a crystal trident
  7395 | D:7      | Identified the +1 trident "Mopun" {pierce, rElec rF- SInv
                  | Stlth+} (You found it on level 7 of the Dungeon)
  7395 | D:7      | XOM: mild Air miscast
  7568 | D:8      | Got a shimmering flail
  7569 | D:8      | Identified the +11 flail of Conformity {chaos, Fragile
                  | Str+3 Int+2} (You found it on level 8 of the Dungeon)
  7672 | D:8      | Found an iron altar of Okawaru.
  7700 | D:8      | XOM: cloud trail
  7716 | D:8      | Reached skill level 10 in Maces & Flails
  7729 | D:8      | Noticed a three-headed hydra
  7771 | D:8      | XOM: 2-stop teleportation journey
  8041 | D:8      | XOM: potion effect (brilliance)
  8049 | D:8      | Killed a three-headed hydra
  8079 | D:8      | XOM: harmless Necr miscast
  8136 | D:8      | XOM: give mutations
  8136 | D:8      | Gained mutation: You are dopey. (Int -2) [Xom's mischief]
  8136 | D:8      | Lost mutation: You are weak. (Str -2) [Xom's mischief]
  8169 | D:8      | XOM: scenery: create altars
  8292 | D:8      | Noticed a two-headed ogre
  8300 | D:8      | Killed a two-headed ogre
  8300 | D:8      | Reached skill level 11 in Maces & Flails
  8300 | D:8      | Reached XP level 11. HP: 50/71 MP: 11/11
  8331 | D:8      | XOM: god gift: scale mail {god gift}
  8392 | D:8      | Got a smoking jade amulet
  8394 | D:8      | Identified the amulet of the Cast Vote {Inacc Str+4} (You
                  | found it on level 8 of the Dungeon)
  8806 | D:9      | Noticed a two-headed ogre
  8809 | D:9      | Killed a two-headed ogre
  8827 | D:9      | Found an ancient bone altar of Kikubaaqudgha.
  9070 | D:10     | Entered Level 10 of the Dungeon
  9070 | D:10     | Noticed Snorg
  9072 | D:10     | XOM: confusion (+ monsters)
  9079 | D:10     | XOM: confuse monster(s)
  9115 | D:10     | XOM: polymorph quokka -> shapeshifter
  9123 | D:10     | Noticed a two-headed ogre
  9137 | D:9      | Demolished by a polar bear (shapeshifter)

Skill      XL: |  1  2  3  4  5  6  7  8  9 10 |
---------------+-------------------------------+-----
Fighting       | 4 5 6 8 9 |  9.7
Maces & Flails | 3 4 5 6 7 9 11 | 11.6
Shields        | 4 5 6 7 8 |  8.5
Dodging        | 1 |  1.0
Armour         | 4 5 6 7 |  7.8
Axes           | |  0.8

Action                   |  1- 3 |  4- 6 |  7- 9 | 10-12 || total
-------------------------+-------+-------+-------+-------++-------
Melee: Flail             |    95 |   244 |   361 |   199 ||   899
  Use: Scroll            |       |     1 |     8 |     4 ||    13
 Stab: Confused          |       |       |       |     1 ||     1
       Paralysed         |       |       |       |     1 ||     1
  Eat: Chunk             |     1 |     9 |    10 |     7 ||    27
       Ration            |       |       |       |     1 ||     1
Armor: Scale mail        |    52 |    47 |       |       ||    99
       Plate armour      |       |    49 |       |    58 ||   107
       Chain mail        |       |    33 |   172 |   100 ||   305
Dodge: Dodged            |    29 |    69 |   106 |    39 ||   243
Block: Shield            |    47 |   125 |   177 |    99 ||   448
